[Event "Seniors-LEM-65 Sachsen-Anhalt 2024"]
[Site "Magdeburg"]
[Date "2024.07.02"]
[Round "2.26"]
[White "Jacob, Barbara"]
[Black "Pranner, Marion"]
[Result "1-0"]
[ECO "A00"]
[WhiteElo "1824"]
[BlackElo "2055"]
[Annotator "NA RC"]
[PlyCount "77"]
[EventDate "2024.06.25"]
[EventType "swiss"]
[EventCountry "GER"]
[SourceTitle "playchess.com"]
[Source "ChessBase"]
[SourceQuality "1"]
[TimeControl "40/5400+30:1800+30"]

1. d3 e5 2. b3 d5 3. Bb2 Nc6 4. Nd2 Be6 5. e3 Nf6 6. h3 {[%emt 0:00:41] A00: Irregular Openings.} Bd6 7. g3 Qd7 8. Bg2 O-O-O 9. Ne2 Be7 10. a3 h5 11. d4 exd4 12. Nxd4 Nxd4 13. Bxd4 a6 14. Nf3 Rhg8 15. Ng5 Qc6 16. Nxe6 fxe6 17. O-O Qd6 18. b4 g6 19. Bc5 Qd7 20. Bxe7 Qxe7 21. Qe2 c6 22. Rfd1 Ne4 23. Bxe4 dxe4 24. Qc4 Qf6 25. Qxe4 Rgf8 26. Rxd8+ Rxd8 $16 27. Rf1 Rd2 28. c4 Ra2 29. Qd3 g5 30. e4 e5 31. c5 g4 32. hxg4 hxg4 33. Qb3 Rd2 34. Qg8+ Kc7 35. Qxg4 Qd8 36. Qg7+ Rd7 37. Qxe5+ Kc8 38. Qf5 Kc7 39. Kg2 1-0

[Event "Seniors-LEM-65 Sachsen-Anhalt 2024"]
[Site "Magdeburg"]
[Date "2024.07.02"]
[Round "2.27"]
[White "Haase, Reinhard"]
[Black "Juergens, Peter"]
[Result "1-0"]
[ECO "E17"]
[WhiteElo "2044"]
[BlackElo "2194"]
[Annotator "RC"]
[PlyCount "43"]
[EventDate "2024.06.25"]
[EventType "swiss"]
[EventCountry "GER"]
[SourceTitle "playchess.com"]
[Source "ChessBase"]
[SourceQuality "1"]
[TimeControl "40/5400+30:1800+30"]

1. d4 Nf6 2. c4 e6 3. g3 d5 4. Bg2 Be7 5. Nf3 O-O 6. O-O Nbd7 7. cxd5 exd5 8. Nc3 b6 9. b3 Bb7 10. Bb2 c5 11. Rc1 a6 12. Ne5 cxd4 13. Nxd7 Qxd7 14. Qxd4 Bc5 15. Qd3 Qe6 16. Na4 Ne4 17. Nxc5 Nxc5 18. Qd4 f6 19. Ba3 Qxe2 20. Bxc5 bxc5 21. Rxc5 Qxa2 22. Rc7 1-0

[Event "Seniors-LEM-65 Sachsen-Anhalt 2024"]
[Site "Magdeburg"]
[Date "2024.07.02"]
[Round "2.28"]
[White "Kopp, Peter"]
[Black "Huelle, Gunter"]
[Result "1-0"]
[ECO "C00"]
[WhiteElo "2014"]
[BlackElo "1766"]
[Annotator "NA RC"]
[PlyCount "91"]
[EventDate "2024.06.25"]
[EventType "swiss"]
[EventCountry "GER"]
[SourceTitle "playchess.com"]
[Source "ChessBase"]
[SourceQuality "1"]
[TimeControl "40/5400+30:1800+30"]

1. e4 e6 2. d3 d5 3. Nd2 c5 4. Ngf3 Nc6 5. g3 Nf6 6. Bg2 dxe4 7. dxe4 Be7 8. O-O O-O 9. Re1 e5 10. c3 Qc7 11. Bf1 {[%emt 0:03:52] C00: French: Unusual White 2nd moves.} h6 12. a4 Be6 13. Bc4 Bxc4 14. Nxc4 Rfd8 15. Qc2 b6 16. Nh4 Ne8 17. Ng2 Nd6 18. Nce3 Bf8 19. Nd5 Qb7 20. f3 Ne7 21. Nge3 Nxd5 22. Nxd5 c4 23. g4 $11 (23. a5 $142) 23... f5 24. gxf5 Nxf5 25. Ne3 Nxe3 26. Bxe3 Rd7 27. Rad1 Rad8 28. b4 Qc6 29. Kf1 Rd6 30. Ke2 Qc8 31. Rxd6 Rxd6 32. Rd1 Qd7 33. Rxd6 Qxd6 34. Qd2 Kf7 35. b5 Be7 36. a5 Qxd2+ 37. Kxd2 Bd8 38. a6 g5 39. Ke2 Kg6 40. Kf2 Kh5 41. Kg2 Kg6 42. Kg3 h5 43. h3 Kg7 44. h4 gxh4+ 45. Kh3 Kg6 46. f4 1-0

[Event "Seniors-LEM-65 Sachsen-Anhalt 2024"]
[Site "Magdeburg"]
[Date "2024.07.02"]
[Round "2.29"]
[White "Roth, Heinz Georg"]
[Black "Klettke, Wolfgang"]
[Result "0-1"]
[ECO "B22"]
[WhiteElo "1830"]
[BlackElo "2008"]
[Annotator "NA RC"]
[PlyCount "50"]
[EventDate "2024.06.25"]
[EventType "swiss"]
[EventCountry "GER"]
[SourceTitle "playchess.com"]
[Source "ChessBase"]
[SourceQuality "1"]
[TimeControl "40/5400+30:1800+30"]

1. e4 c5 2. c3 Nf6 3. e5 Nd5 4. d4 cxd4 5. cxd4 e6 6. Nc3 Nxc3 7. bxc3 d6 8. Nf3 {[%emt 0:10:00] 8.f4 is the fancy move.} Be7 9. Bd3 {[%emt 0:07:19] B22: Sicilian: 2 c3.} Nc6 10. Qc2 h6 11. O-O $146 ({Predecessor:} 11. Bf4 dxe5 12. Nxe5 Nxe5 13. Bxe5 Bf6 14. Bg3 Bd7 15. O-O O-O 16. Rae1 Rc8 17. Be4 Bxd4 18. Bxb7 Rxc3 {0-1 Kovalenko,V-Dudnikov,N Dnipropetrovsk Sinitsin Memorial 6th 2007 (3.8)}) 11... dxe5 12. dxe5 Qc7 13. Bf4 O-O 14. Rad1 b6 15. Qc1 h5 16. Rfe1 Bb7 17. Bg5 Rad8 18. Qf4 Rd5 19. Bf6 Bxf6 20. Qe4 Rxd3 21. exf6 Rxd1 22. Rxd1 gxf6 23. Qh4 Ne5 24. Qxf6 $19 Bxf3 25. gxf3 Ng6 0-1

[Event "Seniors-LEM-65 Sachsen-Anhalt 2024"]
[Site "Magdeburg"]
[Date "2024.07.02"]
[Round "2.30"]
[White "Reimers, Christine"]
[Black "Poetke, Dan-Peter"]
[Result "0-1"]
[ECO "A03"]
[WhiteElo "1779"]
[BlackElo "1968"]
[Annotator "NA RC"]
[PlyCount "84"]
[EventDate "2024.06.25"]
[EventType "swiss"]
[EventCountry "GER"]
[SourceTitle "playchess.com"]
[Source "ChessBase"]
[SourceQuality "1"]
[TimeControl "40/5400+30:1800+30"]

1. f4 d5 2. Nf3 g6 3. d3 Bg7 4. g3 Nf6 5. Bg2 O-O 6. O-O c5 7. c3 Nc6 8. Qc2 Qc7 9. Na3 $11 a6 10. Qd2 b5 11. Nc2 Bb7 12. Rb1 Rad8 13. Qd1 Rfe8 14. d4 Ne4 15. Ne5 Qb6 16. e3 cxd4 17. cxd4 f6 18. Nxc6 Qxc6 19. Nb4 Qc4 20. Qb3 a5 21. Nd3 Rc8 22. Bxe4 Qxb3 23. axb3 dxe4 24. Nc5 Bd5 25. Ra1 Ra8 26. Bd2 b4 27. g4 e5 28. f5 exd4 29. exd4 e3 30. Be1 e2 31. Rf2 Bh6 32. fxg6 Be3 33. gxh7+ Kxh7 34. Nd7 Re6 35. Nc5 Re7 36. h3 Bxd4 37. Nd3 Re3 38. Nf4 Bb7 39. Kh2 Be5 40. Bd2 Rd3 41. Rxe2 Rxd2 42. Kg1 Bd4+ 0-1